 Dungeon Crawl Stone Soup version 0.28.0 (webtiles) character file.

Game seed: 7002047211934694626

3 SnakkuSnakku7 the Magician (level 1, 0/11 HPs)
             Began as a Deep Elf Transmuter on Feb 8, 2022.
             Slain by a giant cockroach (2 damage)
             ... on level 1 of the Dungeon.
             The game lasted 00:00:27 (224 turns).

SnakkuSnakku7 the Magician (Deep Elf Transmuter)     Turns: 224, Time: 00:00:27

Health: 0/11       AC:  2    Str:  7    XL:     1   Next: 41%
Magic:  5/6        EV: 12    Int: 17    God:
Gold:   25         SH:  0    Dex: 15    Spells: 5/6 levels left

rFire   . . .      SeeInvis .     - Unarmed
rCold   . . .      Faith    .   (no shield)
rNeg    . . .      Spirit   .   a - +0 robe
rPois   .          Reflect  .   (helmet currently unavailable)
rElec   .          Harm     .   (no cloak)
rCorr   .          Rampage  .   (no gloves)
Will    .....                   (boots currently unavailable)
Stlth   +.........              (no amulet)
HPRegen 0.03/turn               (no ring)
MPRegen 0.10/turn               (no ring)

@: appendages
A: horns 2, talons 2
a: End Transformation


You were on level 1 of the Dungeon.
You had temporarily grown beastly horns and talons.
You visited 1 branch of the dungeon, and saw 1 of its levels.

You collected 25 gold pieces.

Inventory:

Missiles
 d - 3 poisoned darts
Armour
 a - a +0 robe (worn)
Scrolls
 c - a scroll of acquirement {unknown}
Potions
 b - a potion of resistance {unknown}


   Skills:
 - Level 0.7 Fighting
 - Level 2.4 Dodging
 + Level 2.5 Unarmed Combat
 - Level 3.0 Spellcasting
 + Level 2.3 Transmutations


You had 5 spell levels left.
You knew the following spells:

 Your Spells              Type           Power      Damage    Failure   Level
a - Beastly Appendage     Tmut           20%        N/A       7%          1

Your spell library contained the following spells:

 Spells                   Type           Power      Damage    Failure   Level
 Wereblood                Tmut           10%        N/A       10%         2
 Spider Form              Tmut/Pois      6%         N/A       32%         3
 Ice Form                 Ice/Tmut       6%         N/A       71%         4


Dungeon Overview and Level Annotations

Branches:
Dungeon (1/15)

Altars:


Innate Abilities, Weirdness & Mutations

You have temporarily grown beastly horns and talons.


Message History

Found a stone staircase leading down.
The bat hits you but does no damage.
You hit the giant cockroach.
The giant cockroach is moderately wounded.
The bat closely misses you.
The giant cockroach bites you but does no damage.
You closely miss the giant cockroach.
The giant cockroach is moderately wounded.
The giant cockroach bites you but does no damage.
You hit the giant cockroach but do no damage.
The giant cockroach is moderately wounded.
The bat barely misses you. The bat misses you. The giant cockroach bites you.
The giant cockroach bites you but does no damage.
You closely miss the giant cockroach.
The giant cockroach is moderately wounded.
The bat hits you. The bat barely misses you.
The giant cockroach barely misses you.
You closely miss the giant cockroach.
The giant cockroach is moderately wounded.
The bat completely misses you. The bat barely misses you.
The giant cockroach bites you.
You barely miss the giant cockroach.
The giant cockroach is moderately wounded.
The bat hits you but does no damage. The bat hits you.
The giant cockroach closely misses you.
Casting: Beastly Appendage (safe; 7% risk of failure)
Confirm with . or Enter, or press ? or * to list all spells.
You grow a pair of large bovine horns.
Your feet morph into talons.
The bat barely misses you. The giant cockroach closely misses you.
The bat hits you.
You hit the giant cockroach but do no damage.
You claw the giant cockroach.
The giant cockroach is almost dead.
The bat closely misses you. The giant cockroach bites you.
* * * LOW HITPOINT WARNING * * *
You closely miss the giant cockroach. Your kick misses the giant cockroach.
The giant cockroach is almost dead.
The bat hits you.
* * * LOW HITPOINT WARNING * * *
The giant cockroach bites you.
You die...

##.>### #.# # .# #..## #.# .
#.###### ####.######### . ####
.....# #####............# .
...# .....^^##.....##.#######.#
.#...#..^......########.# #.#
.......^.......# #.# #.#
.......w....(...#### #.# #.#
.K.# ..^^..B@..# #.# #.# ...#
...>..#b#.####.#######.# ..##
..... #.#...##.#...##... #..##
.... #..##.##..........
##.)#####..#
###.##..#..........
##.)ww.##### #.#.#
#.#....#.#...
####......###.#.###......#.#...
##.###..##............#.#...
#...........###..#...##.##..


You could see a giant cockroach and a bat.

Vanquished Creatures
  A ball python (D:1)
  2 kobolds (D:1)
3 creatures vanquished.

Notes
Turn   | Place    | Note
-------+----------+-------------------------------------------
     0 | D:1      | SnakkuSnakku7 the Deep Elf Transmuter began the quest for
                  | the Orb.
     0 | D:1      | Reached XP level 1. HP: 11/11 MP: 6/6
   224 | D:1      | Slain by a giant cockroach

Illustrated notes

Levels and vault maps discovered:
D:1:      dpeg_arrival_rhombus, layout_rooms, nicolae_wormholes

Action                   || total
-------------------------++-------
Melee: Unarmed           ||    14
       Kick              ||     2
 Cast: Beastly Appendage ||     3
Armor: Robe              ||     8
Dodge: Dodged            ||    19
